Monsters vs Punishers

Created - May 22, 2022 at 23:17

Goals
1 2 3 T
Monsters 0 1 0 1
Punishers 1 2 0 3
Shots
1 2 3 T
Monsters 11 9 2 22
Punishers 14 6 7 27

1st period

1. Punishers , Radek Faksa 23 (Corey Tropp 41, Connor Clifton 11) at 14:33

Penalties :
Richard Nejezchleb (Cle) for Roughing (Minor) at 9:34, Brett Kulak (Pro) for Hooking (Minor) at 19:13

2nd period

2. Monsters , Ondrej Kase 34 (Matt Calvert 33) at 5:01 (SH)
3. Punishers , Corey Tropp 44 (Phillip Danault 11, Radek Faksa 52) at 8:24
4. Punishers , Corey Tropp 45 (Artem Zub 30, Radek Faksa 53) at 8:36

Penalties :
Bobby Farnham (Cle) for Tripping (Minor) at 4:50

3rd period

No Goal

Penalties :
No Penalty

Goalie Stats

Eric Comrie (Cle), 24 saves from 27 shots - (0.889), L, 23-10-4, 60:00 minutes
Louis Domingue (Pro), 21 saves from 22 shots - (0.955), W, 27-22-4, 60:00 minutes

Players Stats for Monsters

Player Name              G  A  P  +/- PIM S  H  SB GA TA FO     MP     PP MP  PK MP  
------------------------------------------------------------------------------------
Aaron Ness               0  0  0   0  0   1  2  0  1  2  0/0    25:11   1:23   2:11 
Austin Watson            0  0  0   0  0   0  1  0  0  0  0/1    15:06   0:49   0:05 
Bobby Farnham            0  0  0  -1  2   0  2  0  0  0  0/0    14:53   0:00   0:00 
Cameron Hughes           0  0  0   0  0   0  1  0  0  0  0/0     7:06   0:00   0:00 
Christian Hanson         0  0  0   0  0   1  3  0  0  0  8/14   19:27   1:10   1:10 
Dillon Heatherington     0  0  0  -1  0   0  2  1  0  1  0/0    21:10   0:36   1:47 
Francis Perron           0  0  0   0  0   0  0  0  0  0  0/0     2:04   0:00   0:00 
Jared Knight             0  0  0   0  0   2  2  0  0  0  3/6    16:27   0:49   0:00 
Joakim Nordstrom         0  0  0  -1  0   2  0  0  0  0  0/0    13:29   0:00   0:23 
Marc Michaelis           0  0  0   0  0   0  0  0  0  0  0/0     0:00   0:00   0:00 
Matt Calvert             0  1  1   1  0   2  4  0  0  1  2/7    19:28   1:10   2:34 
Matt Grzelcyk            0  0  0  -1  0   1  3  0  0  2  0/0    20:44   0:36   1:47 
Maxim Mamin              0  0  0  -2  0   0  0  1  0  0  0/2     7:58   0:00   0:00 
Mitch Marner             0  0  0   0  0   4  1  0  1  0  0/0    19:16   0:49   1:10 
Morgan Rielly            0  0  0   0  0   1  0  0  1  1  0/0    25:10   1:23   2:11 
Ondrej Kase              1  0  1   1  0   3  3  0  0  0  1/2    19:17   1:10   2:34 
Patrik Laine             0  0  0  -2  0   3  0  0  0  0  1/1     7:32   0:00   0:00 
Richard Nejezchleb       0  0  0  -3  2   1  3  1  0  1  0/1    16:39   0:00   0:00 
Ryan Fitzgerald          0  0  0  -1  0   1  3  0  0  0  2/3    11:39   0:00   0:00 
Tarmo Reunanen           0  0  0  -1  0   0  2  0  0  0  0/0    13:24   0:00   0:00 
Zac Dalpe                0  0  0   0  0   0  0  0  0  0  0/0     0:00   0:00   0:00 

Players Stats for Punishers

Player Name              G  A  P  +/- PIM S  H  SB GA TA FO     MP     PP MP  PK MP  
------------------------------------------------------------------------------------
Alex Schoenborn          0  0  0   0  0   0  1  0  0  0  0/1     7:18   0:00   0:00 
Alexander Nylander       0  0  0   0  0   0  0  0  0  0  0/0     1:46   0:00   0:00 
Anton Blidh              0  0  0   0  0   2  1  0  0  0  0/0    11:07   0:00   0:00 
Artem Zub                0  1  1   2  0   0  0  0  0  0  0/0    17:53   0:43   0:36 
Austen Brassard          0  0  0   0  0   5  2  0  0  0  0/0    11:04   0:00   0:00 
Austin Wagner            0  0  0   0  0   0  0  0  0  0  0/0     0:00   0:00   0:00 
Beck Malenstyn           0  0  0   0  0   0  1  0  0  0  0/0    11:23   0:00   0:00 
Ben Betker               0  0  0  -1  0   0  1  0  0  0  0/0    26:43   3:15   1:32 
Brett Kulak              0  0  0  -1  2   0  0  0  0  2  0/0    24:16   3:15   0:00 
Carter Ashton            0  0  0  -1  0   3  3  0  1  0  1/1    16:35   2:45   0:22 
Connor Clifton           0  1  1   1  0   2  1  1  0  0  0/0    18:01   0:00   1:23 
Corey Tropp              2  1  3   3  0   8  2  0  4  0  2/5    20:08   1:13   1:37 
Daniel Audette           0  0  0   0  0   0  1  0  0  0  0/0     3:41   0:00   0:00 
Fredrik Claesson         0  0  0   2  0   0  4  1  0  0  0/0    17:15   0:43   0:27 
Gabriel Gagne            0  0  0   0  0   0  0  0  0  0  0/0     0:47   0:00   0:00 
John Quenneville         0  0  0  -1  0   1  3  1  1  0  7/12   16:16   2:45   0:00 
Michael Joly             0  0  0   0  0   0  2  0  0  0  0/0    11:23   0:00   0:00 
Nicolas Roy              0  0  0   0  0   0  1  0  0  0  0/2    11:23   0:00   0:00 
Niko Mikkola             0  0  0   1  0   0  2  0  0  1  0/0    15:58   0:00   0:00 
Oskar Lindblom           0  0  0  -1  0   1  0  0  0  0  0/0    16:13   2:45   0:00 
Phillip Danault          0  1  1   3  0   0  2  1  0  0  0/1    18:42   1:13   0:22 
Radek Faksa              1  2  3   3  0   5  1  1  2  0  10/15  20:08   1:13   1:37 

3 Stars

1 - Corey Tropp (Pro)
2 - Radek Faksa (Pro)
3 - Phillip Danault (Pro)

Power Play

Monsters - 0 on 1 Attempt(s) - 0.00%
Punishers - 0 on 2 Attempt(s) - 0.00%

Penalty Kill

Monsters - 2 on 2 Attempt(s) - 100.00% - Score 1 goal in Penalty Kill
Punishers - 1 on 1 Attempt(s) - 100.00% - Score 0 goal in Penalty Kill

Team Stat

Monsters - Hits : 32 - Faceoff Wins : 17 - Blocked Shots : 3 - Penalty Minutes : 4
Punishers - Hits : 28 - Faceoff Wins : 20 - Blocked Shots : 5 - Penalty Minutes : 2

Official

Referees : Beaudry Halkidis and Reid Anderson
Linesman : Shandor Alphonso and Ryan Gibbons

Game Notes

Daniel Audette is injured at 18:51 of 1st period (Sore Left Knee)

Finance

Level 1 -- Attendance: 1407 (70.35%) -- Ticket Income $56,280
Level 2 -- Attendance: 630 (63.00%) -- Ticket Income $12,600
Total Attendance: 2037 (67.90%)
Total Ticket Income: $68,880
Other Income: $3,444
Total Income: $72,324

Monsters

5 vs 5 Forward 
   Center                   Left Wing                Right Wing               Time % Phy DF OF 
 1 Christian Hanson         Matt Calvert             Ondrej Kase              40     1   2  2  
 2 Jared Knight             Austin Watson            Mitch Marner             30     1   2  2  
 3 Ryan Fitzgerald          Joakim Nordstrom         Bobby Farnham            20     1   2  2  
 4 Maxim Mamin              Patrik Laine             Richard Nejezchleb       10     1   2  2  

5 vs 5 Defense 
   Defense                  Defense                                           Time % Phy DF OF 
 1 Morgan Rielly            Aaron Ness                                        40     1   2  2  
 2 Dillon Heatherington     Matt Grzelcyk                                     30     1   2  2  
 3 Tarmo Reunanen           Richard Nejezchleb                                20     1   2  2  
 4 Morgan Rielly            Aaron Ness                                        10     1   2  2  

PowerPlay Forward 
   Center                   Left Wing                Right Wing               Time % Phy DF OF 
 1 Christian Hanson         Matt Calvert             Ondrej Kase              60     1   2  2  
 2 Jared Knight             Austin Watson            Mitch Marner             40     1   2  2  

PowerPlay Defense
   Defense                  Defense                                           Time % Phy DF OF 
 1 Morgan Rielly            Aaron Ness                                        60     1   2  2  
 2 Dillon Heatherington     Matt Grzelcyk                                     40     1   2  2  

Penalty Kill 4 Players Forward 
   Center                   Wing                     Time % Phy DF OF 
 1 Matt Calvert             Ondrej Kase              60     1   2  2  
 2 Christian Hanson         Mitch Marner             40     1   2  2  

Penalty Kill 4 Players Defense
   Defense                  Defense                  Time % Phy DF OF 
 1 Morgan Rielly            Aaron Ness               60     1   2  2  
 2 Dillon Heatherington     Matt Grzelcyk            40     1   2  2  

Penalty Kill - 3 Players Forward 
   Forward                                           Time % Phy DF OF 
 1 Matt Calvert                                      60     1   2  2  
 2 Ondrej Kase                                       40     1   2  2  

Penalty Kill - 3 Players Defense
   Defense                  Defense                  Time % Phy DF OF 
 1 Morgan Rielly            Aaron Ness               60     1   2  2  
 2 Dillon Heatherington     Matt Grzelcyk            40     1   2  2  

4 vs 4 Forward 
   Center                   Wing                     Time % Phy DF OF 
 1 Matt Calvert             Ondrej Kase              60     1   2  2  
 2 Christian Hanson         Mitch Marner             40     1   2  2  

4 vs 4 Defense
   Defense                  Defense                  Time % Phy DF OF 
 1 Morgan Rielly            Aaron Ness               60     1   2  2  
 2 Dillon Heatherington     Matt Grzelcyk            40     1   2  2  

Last Minutes Offensive
   Center                   Left Wing                Right Wing               Defense                  Defense                  
   Christian Hanson         Matt Calvert             Ondrej Kase              Morgan Rielly            Aaron Ness               

Last Minutes Defensive
   Center                   Left Wing                Right Wing               Defense                  Defense                  
   Christian Hanson         Matt Calvert             Ondrej Kase              Morgan Rielly            Aaron Ness               

Goaltenders
Starting : Eric Comrie              
Backup : Phoenix Copley           

Extra Forwards
Normal : Cameron Hughes, Bobby Farnham, Joakim Nordstrom - PP : Cameron Hughes, Bobby Farnham - PK : Joakim Nordstrom
Extra Defensemen
Normal : Tarmo Reunanen, Dillon Heatherington, Matt Grzelcyk - PP : Tarmo Reunanen - PK : Dillon Heatherington, Matt Grzelcyk
Penalty Shots
Matt Calvert, Ondrej Kase, Christian Hanson, Mitch Marner, Bobby Farnham

Scratches
Victor Mete (Left Hand Injury), Nathan Noel (Broken Bone (Left Arm) Injury), Peyton Jones (Healthy)

Punishers

5 vs 5 Forward 
   Center                   Left Wing                Right Wing               Time % Phy DF OF 
 1 Radek Faksa              Phillip Danault          Corey Tropp              40     1   2  2  
 2 John Quenneville         Oskar Lindblom           Carter Ashton            30     1   2  2  
 3 Daniel Audette           Anton Blidh              Austen Brassard          20     1   2  2  
 4 Nicolas Roy              Beck Malenstyn           Michael Joly             10     1   2  2  

5 vs 5 Defense 
   Defense                  Defense                                           Time % Phy DF OF 
 1 Brett Kulak              Ben Betker                                        40     1   2  2  
 2 Artem Zub                Fredrik Claesson                                  30     1   2  2  
 3 Niko Mikkola             Connor Clifton                                    20     1   2  2  
 4 Brett Kulak              Ben Betker                                        10     1   2  2  

PowerPlay Forward 
   Center                   Left Wing                Right Wing               Time % Phy DF OF 
 1 Radek Faksa              Phillip Danault          Corey Tropp              60     1   2  2  
 2 John Quenneville         Oskar Lindblom           Carter Ashton            40     1   2  2  

PowerPlay Defense
   Defense                  Defense                                           Time % Phy DF OF 
 1 Brett Kulak              Ben Betker                                        60     1   2  2  
 2 Artem Zub                Fredrik Claesson                                  40     1   2  2  

Penalty Kill 4 Players Forward 
   Center                   Wing                     Time % Phy DF OF 
 1 Corey Tropp              Radek Faksa              60     1   2  2  
 2 Carter Ashton            Phillip Danault          40     1   2  2  

Penalty Kill 4 Players Defense
   Defense                  Defense                  Time % Phy DF OF 
 1 Brett Kulak              Ben Betker               60     1   2  2  
 2 Artem Zub                Fredrik Claesson         40     1   2  2  

Penalty Kill - 3 Players Forward 
   Forward                                           Time % Phy DF OF 
 1 Corey Tropp                                       60     1   2  2  
 2 Radek Faksa                                       40     1   2  2  

Penalty Kill - 3 Players Defense
   Defense                  Defense                  Time % Phy DF OF 
 1 Brett Kulak              Ben Betker               60     1   2  2  
 2 Artem Zub                Fredrik Claesson         40     1   2  2  

4 vs 4 Forward 
   Center                   Wing                     Time % Phy DF OF 
 1 Corey Tropp              Radek Faksa              60     1   2  2  
 2 Carter Ashton            Phillip Danault          40     1   2  2  

4 vs 4 Defense
   Defense                  Defense                  Time % Phy DF OF 
 1 Brett Kulak              Ben Betker               60     1   2  2  
 2 Artem Zub                Fredrik Claesson         40     1   2  2  

Last Minutes Offensive
   Center                   Left Wing                Right Wing               Defense                  Defense                  
   Radek Faksa              Phillip Danault          Corey Tropp              Brett Kulak              Ben Betker               

Last Minutes Defensive
   Center                   Left Wing                Right Wing               Defense                  Defense                  
   Radek Faksa              Phillip Danault          Corey Tropp              Brett Kulak              Ben Betker               

Goaltenders
Starting : Louis Domingue           
Backup : Daniel Altshuller        

Extra Forwards
Normal : Alex Schoenborn, Alexander Nylander, Gabriel Gagne - PP : Alex Schoenborn, Alexander Nylander - PK : Gabriel Gagne
Extra Defensemen
Normal : Niko Mikkola, Connor Clifton, Artem Zub - PP : Niko Mikkola - PK : Connor Clifton, Artem Zub
Penalty Shots
Corey Tropp, Radek Faksa, Carter Ashton, Phillip Danault, John Quenneville

Scratches
Alex Petrovic (Healthy), Noah Juulsen (Fractured Metatarsal (Left Foot) Injury), Zack Hamill (Bruised Left Arm Injury), Connor Ingram (Healthy)

% Time on Ice - Monsters

Lines # - Real PCT - Wanted PCT - Time Play
Normal Forward
1 - 31% - 40% - 16:30
2 - 34% - 30% - 18:22
3 - 22% - 20% - 11:39
4 - 14% - 10% - 7:32
Normal Defense
1 - 38% - 40% - 20:27
2 - 33% - 30% - 17:55
3 - 24% - 20% - 12:58
4 - 5% - 10% - 2:43
PP Forward
1 - 59% - 60% - 1:10
2 - 41% - 40% - 0:49
PP Defense
1 - 70% - 60% - 1:23
2 - 30% - 40% - 0:36
PK Forward
1 - 71% - 60% - 2:48
2 - 29% - 40% - 1:10
PK Defense
1 - 55% - 60% - 2:11
2 - 45% - 40% - 1:47
PK3 Forward
1 - 0% - 60%
2 - 0% - 40%
PK3 Defense
1 - 0% - 60%
2 - 0% - 40%
44 Forward
1 - 0% - 60%
2 - 0% - 40%
44 Defense
1 - 0% - 60%
2 - 0% - 40%
Last Minute Offensive  - 0:00
Last Minute Defensive  - 0:00
Total
Forward - 60:00
Defense - 60:00

% Time on Ice - Punishers

Lines # - Real PCT - Wanted PCT - Time Play
Normal Forward
1 - 33% - 40% - 17:47
2 - 26% - 30% - 13:49
3 - 20% - 20% - 11:04
4 - 21% - 10% - 11:23
Normal Defense
1 - 37% - 40% - 20:03
2 - 31% - 30% - 16:41
3 - 28% - 20% - 14:59
4 - 4% - 10% - 2:20
PP Forward
1 - 31% - 60% - 1:13
2 - 69% - 40% - 2:45
PP Defense
1 - 82% - 60% - 3:15
2 - 18% - 40% - 0:43
PK Forward
1 - 82% - 60% - 1:37
2 - 18% - 40% - 0:22
PK Defense
1 - 77% - 60% - 1:32
2 - 23% - 40% - 0:27
PK3 Forward
1 - 0% - 60%
2 - 0% - 40%
PK3 Defense
1 - 0% - 60%
2 - 0% - 40%
44 Forward
1 - 0% - 60%
2 - 0% - 40%
44 Defense
1 - 0% - 60%
2 - 0% - 40%
Last Minute Offensive  - 0:00
Last Minute Defensive  - 0:00
Total
Forward - 60:00
Defense - 60:00

Play-by-Play

1st period


0:01 of 1st period - Radek Faksa wins face-off versus Matt Calvert in neutral zone.
0:08 of 1st period - Slapshot by Radek Faksa.
0:08 of 1st period - Stopped by Eric Comrie with a rebound.
1:07 of 1st period - Wrist shot by Austen Brassard.
1:07 of 1st period - Stopped by Eric Comrie with a rebound.
1:09 of 1st period - Wrist shot by Connor Clifton.
1:09 of 1st period - Stopped by Eric Comrie with a rebound.
1:11 of 1st period - Slapshot by Connor Clifton.
1:11 of 1st period - Stopped by Eric Comrie without a rebound.
1:12 of 1st period - Christian Hanson wins face-off versus Nicolas Roy in Monsters zone.
1:14 of 1st period - Icing by Matt Calvert.
1:15 of 1st period - Christian Hanson wins face-off versus Phillip Danault in Monsters zone.
1:20 of 1st period - Slapshot by Morgan Rielly.
1:20 of 1st period - Stopped by Louis Domingue without a rebound.
1:21 of 1st period - Ondrej Kase wins face-off versus Radek Faksa in Punishers zone.
1:22 of 1st period - Slapshot by Christian Hanson.
1:22 of 1st period - Stopped by Louis Domingue without a rebound.
1:23 of 1st period - Jared Knight wins face-off versus Radek Faksa in Punishers zone.
2:00 of 1st period - Wrist shot by Carter Ashton.
2:00 of 1st period - Stopped by Eric Comrie with a rebound.
2:02 of 1st period - Slapshot by Ben Betker.
2:02 of 1st period - Shot Misses the Net.
2:21 of 1st period - Snap shot by Austen Brassard.
2:21 of 1st period - Stopped by Eric Comrie with a rebound.
2:31 of 1st period - Slapshot by Richard Nejezchleb.
2:31 of 1st period - Shot Misses the Net.
2:33 of 1st period - Backhand shot by Jared Knight.
2:33 of 1st period - Stopped by Louis Domingue with a rebound.
2:39 of 1st period - Mitch Marner is hit by Niko Mikkola and loses puck.
3:05 of 1st period - Wrist shot by Radek Faksa.
3:05 of 1st period - Shot Misses the Net.
3:14 of 1st period - Icing by Jared Knight.
3:15 of 1st period - John Quenneville wins face-off versus Austin Watson in Monsters zone.
3:28 of 1st period - Wrist shot by Carter Ashton.
3:28 of 1st period - Shot Misses the Net.
4:04 of 1st period - Bobby Farnham is hit by Anton Blidh and loses puck.
4:46 of 1st period - Snap shot by Richard Nejezchleb.
4:46 of 1st period - Shot Misses the Net.
5:16 of 1st period - Brett Kulak is hit by Ondrej Kase and loses puck.
5:33 of 1st period - Wrist shot by Austen Brassard.
5:33 of 1st period - Shot Misses the Net.
5:35 of 1st period - Backhand shot by Ben Betker.
5:35 of 1st period - Shot Blocked by Dillon Heatherington.
5:47 of 1st period - Wrist shot by Jared Knight.
5:47 of 1st period - Shot Misses the Net.
6:05 of 1st period - Ondrej Kase is hit by Carter Ashton and loses puck.
6:24 of 1st period - Ondrej Kase is hit by Radek Faksa and loses puck.
6:59 of 1st period - Icing by Bobby Farnham.
7:00 of 1st period - Ryan Fitzgerald wins face-off versus Nicolas Roy in Monsters zone.
7:37 of 1st period - Wrist shot by Radek Faksa.
7:37 of 1st period - Stopped by Eric Comrie with a rebound.
7:39 of 1st period - Wrist shot by Phillip Danault.
7:39 of 1st period - Deflect By Radek Faksa.
7:39 of 1st period - Shot Misses the Net.
7:39 of 1st period - Puck is out of play.
7:40 of 1st period - John Quenneville wins face-off versus Matt Calvert in Monsters zone.
7:43 of 1st period - Snap shot by Oskar Lindblom.
7:43 of 1st period - Stopped by Eric Comrie without a rebound.
7:44 of 1st period - Christian Hanson wins face-off versus John Quenneville in Monsters zone.
8:16 of 1st period - Dillon Heatherington is hit by Phillip Danault and loses puck.
8:37 of 1st period - Wrist shot by Austen Brassard.
8:37 of 1st period - Deflect By Anton Blidh.
8:37 of 1st period - Stopped by Eric Comrie without a rebound.
8:38 of 1st period - Patrik Laine wins face-off versus John Quenneville in Monsters zone.
8:49 of 1st period - Wrist shot by Patrik Laine.
8:49 of 1st period - Shot Misses the Net.
8:51 of 1st period - Slapshot by Aaron Ness.
8:51 of 1st period - Stopped by Louis Domingue without a rebound.
8:52 of 1st period - Radek Faksa wins face-off versus Christian Hanson in Punishers zone.
9:07 of 1st period - Ben Betker is hit by Matt Calvert and loses puck.
9:18 of 1st period - Snap shot by Mitch Marner.
9:18 of 1st period - Stopped by Louis Domingue with a rebound.
9:34 of 1st period - Minor Penalty to Richard Nejezchleb for Roughing.
9:35 of 1st period - Radek Faksa wins face-off versus Matt Calvert in Monsters zone.
9:46 of 1st period - Snap shot by Radek Faksa.
9:46 of 1st period - Deflect By Corey Tropp.
9:46 of 1st period - Shot Misses the Net.
9:46 of 1st period - Puck is out of play.
9:47 of 1st period - Matt Calvert wins face-off versus Radek Faksa in Monsters zone.
11:34 of 1st period - Penalty to Richard Nejezchleb is over, Richard Nejezchleb is back on ice.
11:50 of 1st period - Snap shot by Patrik Laine.
11:50 of 1st period - Shot Misses the Net.
11:56 of 1st period - Wrist shot by Anton Blidh.
11:56 of 1st period - Shot Blocked by Richard Nejezchleb.
12:08 of 1st period - Connor Clifton is hit by Richard Nejezchleb and loses puck.
12:33 of 1st period - Connor Clifton is hit by Ondrej Kase and loses puck.
13:10 of 1st period - Matt Calvert is hit by Daniel Audette and loses puck.
14:19 of 1st period - Snap shot by Austen Brassard.
14:19 of 1st period - Stopped by Eric Comrie without a rebound.
14:20 of 1st period - Radek Faksa wins face-off versus Ryan Fitzgerald in Monsters zone.
14:23 of 1st period - Snap shot by Radek Faksa.
14:23 of 1st period - Stopped by Eric Comrie with a rebound.
14:25 of 1st period - Wrist shot by Connor Clifton.
14:25 of 1st period - Deflect By Corey Tropp.
14:25 of 1st period - Stopped by Eric Comrie with a rebound.
14:27 of 1st period - Slapshot by Connor Clifton.
14:27 of 1st period - Shot Misses the Net.
14:29 of 1st period - Wrist shot by Radek Faksa.
14:29 of 1st period - Stopped by Eric Comrie with a rebound.
14:33 of 1st period - Snap shot by Corey Tropp.
14:33 of 1st period - Deflect By Radek Faksa.
14:33 of 1st period - Goal by Radek Faksa - Monsters : 0 - Punishers : 1.
14:34 of 1st period - Radek Faksa wins face-off versus Ondrej Kase in neutral zone.
15:01 of 1st period - Jared Knight is hit by Carter Ashton and loses puck.
15:54 of 1st period - Nicolas Roy is hit by Aaron Ness and loses puck.
16:17 of 1st period - Wrist shot by Richard Nejezchleb.
16:17 of 1st period - Shot Misses the Net.
16:29 of 1st period - Snap shot by Richard Nejezchleb.
16:29 of 1st period - Stopped by Louis Domingue with a rebound.
16:35 of 1st period - Backhand shot by Patrik Laine.
16:35 of 1st period - Stopped by Louis Domingue without a rebound.
16:36 of 1st period - Christian Hanson wins face-off versus Radek Faksa in Punishers zone.
16:41 of 1st period - Wrist shot by Ondrej Kase.
16:41 of 1st period - Shot Blocked by Fredrik Claesson.
16:58 of 1st period - Icing by Artem Zub.
16:59 of 1st period - John Quenneville wins face-off versus Jared Knight in Punishers zone.
17:25 of 1st period - Phillip Danault is hit by Dillon Heatherington and loses puck.
17:50 of 1st period - Wrist shot by Joakim Nordstrom.
17:50 of 1st period - Stopped by Louis Domingue with a rebound.
17:52 of 1st period - Snap shot by Ryan Fitzgerald.
17:52 of 1st period - Stopped by Louis Domingue without a rebound.
17:53 of 1st period - John Quenneville wins face-off versus Jared Knight in Punishers zone.
18:08 of 1st period - Slapshot by Austin Watson.
18:08 of 1st period - Shot Misses the Net.
18:18 of 1st period - Ondrej Kase is hit by Phillip Danault and loses puck.
18:29 of 1st period - Ben Betker is hit by Christian Hanson and loses puck.
18:50 of 1st period - Daniel Audette is hit by Ryan Fitzgerald and loses puck.
18:51 of 1st period - Daniel Audette from Punishers is injured at 18:51 of 1st period (Sore Left Knee).
18:52 of 1st period - Radek Faksa wins face-off versus Christian Hanson in Punishers zone.
19:03 of 1st period - Wrist shot by Ondrej Kase.
19:03 of 1st period - Stopped by Louis Domingue with a rebound.
19:05 of 1st period - Wrist shot by Matt Calvert.
19:05 of 1st period - Shot Blocked by Phillip Danault.
19:13 of 1st period - Minor Penalty to Brett Kulak for Hooking.
19:14 of 1st period - Christian Hanson wins face-off versus Corey Tropp in Punishers zone.
19:19 of 1st period - Snap shot by Matt Calvert.
19:19 of 1st period - Shot Misses the Net.
19:21 of 1st period - Snap shot by Matt Calvert.
19:21 of 1st period - Stopped by Louis Domingue without a rebound.
19:22 of 1st period - Corey Tropp wins face-off versus Christian Hanson in Punishers zone.
Goals for this period are 0 for Monsters vs 1 for Punishers.
Shots for this period are 11 for Monsters vs 14 for Punishers.

2nd period


0:01 of 2nd period - Christian Hanson wins face-off versus Corey Tropp in neutral zone.
0:10 of 2nd period - Snap shot by Matt Calvert.
0:10 of 2nd period - Stopped by Louis Domingue without a rebound.
0:11 of 2nd period - Corey Tropp wins face-off versus Christian Hanson in Punishers zone.
0:20 of 2nd period - Snap shot by Morgan Rielly.
0:20 of 2nd period - Shot Blocked by Radek Faksa.
0:46 of 2nd period - Snap shot by Mitch Marner.
0:46 of 2nd period - Shot Misses the Net.
1:13 of 2nd period - Penalty to Brett Kulak is over, Brett Kulak is back on ice.
1:18 of 2nd period - Ben Betker is hit by Matt Grzelcyk and loses puck.
1:49 of 2nd period - Artem Zub is hit by Richard Nejezchleb and loses puck.
1:58 of 2nd period - Slapshot by Patrik Laine.
1:58 of 2nd period - Stopped by Louis Domingue without a rebound.
1:59 of 2nd period - John Quenneville wins face-off versus Christian Hanson in Punishers zone.
1:59 of 2nd period - John Quenneville is hit by Matt Calvert.
2:29 of 2nd period - Snap shot by Mitch Marner.
2:29 of 2nd period - Shot Misses the Net.
3:13 of 2nd period - Christian Hanson is hit by Corey Tropp and loses puck.
3:32 of 2nd period - Wrist shot by Jared Knight.
3:32 of 2nd period - Deflect By Mitch Marner.
3:32 of 2nd period - Shot Blocked by John Quenneville.
3:32 of 2nd period - Puck is out of play.
3:33 of 2nd period - Jared Knight wins face-off versus John Quenneville in Punishers zone.
3:36 of 2nd period - Slapshot by Jared Knight.
3:36 of 2nd period - Stopped by Louis Domingue with a rebound.
3:38 of 2nd period - Slapshot by Matt Grzelcyk.
3:38 of 2nd period - Deflect By Oskar Lindblom.
3:38 of 2nd period - Stopped by Louis Domingue with a rebound.
3:42 of 2nd period - Snap shot by Mitch Marner.
3:42 of 2nd period - Stopped by Louis Domingue without a rebound.
3:43 of 2nd period - Christian Hanson wins face-off versus Radek Faksa in Punishers zone.
4:10 of 2nd period - Artem Zub is hit by Aaron Ness and loses puck.
4:37 of 2nd period - Wrist shot by Corey Tropp.
4:37 of 2nd period - Stopped by Eric Comrie with a rebound.
4:50 of 2nd period - Minor Penalty to Bobby Farnham for Tripping.
4:51 of 2nd period - Matt Calvert wins face-off versus John Quenneville in Monsters zone.
5:01 of 2nd period - Wrist shot by Ondrej Kase.
5:01 of 2nd period - Goal by Ondrej Kase - Monsters : 1 - Punishers : 1.
5:02 of 2nd period - Carter Ashton wins face-off versus Matt Calvert in neutral zone.
5:09 of 2nd period - Icing by Carter Ashton.
5:10 of 2nd period - John Quenneville wins face-off versus Matt Calvert in Punishers zone.
5:28 of 2nd period - Slapshot by John Quenneville.
5:28 of 2nd period - Shot Misses the Net.
5:30 of 2nd period - Snap shot by Oskar Lindblom.
5:30 of 2nd period - Shot Misses the Net.
5:32 of 2nd period - Slapshot by Brett Kulak.
5:32 of 2nd period - Shot Misses the Net.
5:34 of 2nd period - Snap shot by Carter Ashton.
5:34 of 2nd period - Stopped by Eric Comrie with a rebound.
5:56 of 2nd period - Snap shot by Mitch Marner.
5:56 of 2nd period - Stopped by Louis Domingue with a rebound.
6:04 of 2nd period - Oskar Lindblom is hit by Christian Hanson and loses puck.
6:50 of 2nd period - Penalty to Bobby Farnham is over, Bobby Farnham is back on ice.
8:22 of 2nd period - Backhand shot by Carter Ashton.
8:22 of 2nd period - Stopped by Eric Comrie without a rebound.
8:23 of 2nd period - Radek Faksa wins face-off versus Maxim Mamin in Monsters zone.
8:24 of 2nd period - Wrist shot by Phillip Danault.
8:24 of 2nd period - Deflect By Corey Tropp.
8:24 of 2nd period - Goal by Corey Tropp - Monsters : 1 - Punishers : 2.
8:25 of 2nd period - Radek Faksa wins face-off versus Maxim Mamin in neutral zone.
8:34 of 2nd period - Slapshot by Artem Zub.
8:34 of 2nd period - Shot Misses the Net.
8:36 of 2nd period - Wrist shot by Corey Tropp.
8:36 of 2nd period - Goal by Corey Tropp - Monsters : 1 - Punishers : 3.
8:37 of 2nd period - Radek Faksa wins face-off versus Richard Nejezchleb in neutral zone.
8:50 of 2nd period - Slapshot by Radek Faksa.
8:50 of 2nd period - Shot Blocked by Maxim Mamin.
8:52 of 2nd period - Slapshot by Fredrik Claesson.
8:52 of 2nd period - Shot Misses the Net.
9:02 of 2nd period - Austen Brassard is hit by Bobby Farnham and loses puck.
10:05 of 2nd period - Wrist shot by Joakim Nordstrom.
10:05 of 2nd period - Shot Blocked by Connor Clifton.
10:17 of 2nd period - Snap shot by Michael Joly.
10:17 of 2nd period - Shot Misses the Net.
10:23 of 2nd period - Niko Mikkola is hit by Mitch Marner and loses puck.
10:40 of 2nd period - Phillip Danault is hit by Ondrej Kase.
11:18 of 2nd period - Radek Faksa is hit by Matt Calvert.
11:44 of 2nd period - Michael Joly is hit by Ryan Fitzgerald.
12:29 of 2nd period - Michael Joly is hit by Ryan Fitzgerald and loses puck.
13:03 of 2nd period - Ben Betker is hit by Dillon Heatherington and loses puck.
14:21 of 2nd period - Ryan Fitzgerald is hit by Michael Joly and loses puck.
14:34 of 2nd period - Matt Grzelcyk is hit by Alex Schoenborn and loses puck.
15:30 of 2nd period - Oskar Lindblom is hit by Bobby Farnham and loses puck.
15:56 of 2nd period - Artem Zub is hit by Tarmo Reunanen and loses puck.
16:16 of 2nd period - Wrist shot by Radek Faksa.
16:16 of 2nd period - Shot Misses the Net.
16:26 of 2nd period - Aaron Ness is hit by Carter Ashton and loses puck.
16:58 of 2nd period - Wrist shot by Anton Blidh.
16:58 of 2nd period - Stopped by Eric Comrie with a rebound.
17:51 of 2nd period - Artem Zub is hit by Matt Grzelcyk and loses puck.
17:56 of 2nd period - Snap shot by Ondrej Kase.
17:56 of 2nd period - Stopped by Louis Domingue with a rebound.
17:58 of 2nd period - Snap shot by Christian Hanson.
17:58 of 2nd period - Shot Misses the Net.
18:13 of 2nd period - Michael Joly is hit by Jared Knight.
18:22 of 2nd period - Aaron Ness is hit by Niko Mikkola and loses puck.
18:45 of 2nd period - Richard Nejezchleb is hit by Michael Joly and loses puck.
19:01 of 2nd period - Mitch Marner is hit by Nicolas Roy and loses puck.
19:12 of 2nd period - Brett Kulak is hit by Jared Knight and loses puck.
19:19 of 2nd period - Dillon Heatherington is hit by Fredrik Claesson and loses puck.
19:38 of 2nd period - Snap shot by Mitch Marner.
19:38 of 2nd period - Stopped by Louis Domingue with a rebound.
19:57 of 2nd period - Snap shot by Jared Knight.
19:57 of 2nd period - Shot Misses the Net.
Goals for this period are 1 for Monsters vs 2 for Punishers.
Shots for this period are 9 for Monsters vs 6 for Punishers.

3rd period


0:01 of 3rd period - Christian Hanson wins face-off versus Corey Tropp in neutral zone.
0:26 of 3rd period - Jared Knight is hit by John Quenneville and loses puck.
1:30 of 3rd period - Radek Faksa is hit by Tarmo Reunanen and loses puck.
1:37 of 3rd period - Snap shot by Patrik Laine.
1:37 of 3rd period - Stopped by Louis Domingue with a rebound.
1:39 of 3rd period - Snap shot by Maxim Mamin.
1:39 of 3rd period - Shot Misses the Net.
2:13 of 3rd period - Snap shot by Austen Brassard.
2:13 of 3rd period - Stopped by Eric Comrie with a rebound.
2:15 of 3rd period - Slapshot by Fredrik Claesson.
2:15 of 3rd period - Shot Misses the Net.
2:17 of 3rd period - Snap shot by Artem Zub.
2:17 of 3rd period - Shot Misses the Net.
2:27 of 3rd period - Morgan Rielly is hit by Beck Malenstyn and loses puck.
2:50 of 3rd period - Snap shot by Corey Tropp.
2:50 of 3rd period - Stopped by Eric Comrie with a rebound.
2:52 of 3rd period - Snap shot by Radek Faksa.
2:52 of 3rd period - Deflect By Corey Tropp.
2:52 of 3rd period - Stopped by Eric Comrie without a rebound.
2:53 of 3rd period - Radek Faksa wins face-off versus Christian Hanson in Monsters zone.
3:12 of 3rd period - Snap shot by Corey Tropp.
3:12 of 3rd period - Stopped by Eric Comrie with a rebound.
3:14 of 3rd period - Slapshot by Corey Tropp.
3:14 of 3rd period - Shot Misses the Net.
3:48 of 3rd period - Snap shot by Christian Hanson.
3:48 of 3rd period - Shot Misses the Net.
4:59 of 3rd period - Brett Kulak is hit by Matt Grzelcyk and loses puck.
5:08 of 3rd period - Wrist shot by Matt Calvert.
5:08 of 3rd period - Shot Misses the Net.
5:34 of 3rd period - Christian Hanson is hit by Corey Tropp and loses puck.
6:00 of 3rd period - Slapshot by Corey Tropp.
6:00 of 3rd period - Stopped by Eric Comrie without a rebound.
6:01 of 3rd period - John Quenneville wins face-off versus Jared Knight in Monsters zone.
6:06 of 3rd period - Snap shot by John Quenneville.
6:06 of 3rd period - Stopped by Eric Comrie without a rebound.
6:07 of 3rd period - Jared Knight wins face-off versus John Quenneville in Monsters zone.
6:07 of 3rd period - Jared Knight is hit by Fredrik Claesson.
6:30 of 3rd period - Icing by John Quenneville.
6:31 of 3rd period - Ryan Fitzgerald wins face-off versus Alex Schoenborn in Punishers zone.
6:34 of 3rd period - Snap shot by Joakim Nordstrom.
6:34 of 3rd period - Stopped by Louis Domingue with a rebound.
7:52 of 3rd period - Snap shot by Austen Brassard.
7:52 of 3rd period - Stopped by Eric Comrie with a rebound.
8:16 of 3rd period - Tarmo Reunanen is hit by John Quenneville and loses puck.
8:33 of 3rd period - Nicolas Roy is hit by Richard Nejezchleb and loses puck.
8:44 of 3rd period - Austen Brassard is hit by Austin Watson and loses puck.
9:20 of 3rd period - Jared Knight is hit by Ben Betker and loses puck.
14:38 of 3rd period - Matt Calvert is hit by John Quenneville and loses puck.
15:48 of 3rd period - Radek Faksa is hit by Cameron Hughes and loses puck.
16:19 of 3rd period - Anton Blidh is hit by Christian Hanson and loses puck.
17:21 of 3rd period - Jared Knight is hit by Connor Clifton.
17:31 of 3rd period - Tarmo Reunanen is hit by Fredrik Claesson and loses puck.
18:19 of 3rd period - Morgan Rielly is hit by Austen Brassard.
18:23 of 3rd period - Aaron Ness is hit by Austen Brassard and loses puck.
19:20 of 3rd period - Matt Calvert is hit by Fredrik Claesson and loses puck.
19:27 of 3rd period - Fredrik Claesson is hit by Matt Calvert and loses puck.
Goals for this period are 0 for Monsters vs 0 for Punishers.
Shots for this period are 2 for Monsters vs 7 for Punishers.